 Dungeon Crawl Stone Soup version 0.28-b1-25-g9875b3fc8c (webtiles) character file.

Game seed: 11842209050873436219

38 Lathuz the Skirmisher (level 3, -6/24 HPs)
             Began as a Gargoyle Fighter on Feb 5, 2022.
             Mangled by Crazy Yiuf (7 damage)
             ... on level 2 of the Dungeon.
             The game lasted 00:03:22 (1474 turns).

Lathuz the Skirmisher (Gargoyle Fighter)            Turns: 1474, Time: 00:03:22

Health: -6/24      AC: 10    Str: 21    XL:     3   Next: 43%
Magic:  2/3        EV:  9    Int:  8    God:
Gold:   35         SH:  4    Dex:  9    Spells: 2/2 levels left

rFire   . . .      SeeInvis .   a - +0 flail
rCold   . . .      Faith    .   c - +0 buckler
rNeg    + . .      Spirit   .   b - +0 scale mail
rPois   ∞          Reflect  .   (no helmet)
rElec   +          Harm     .   (no cloak)
rCorr   .          Rampage  .   (no gloves)
Will    .....                   (no boots)
Stlth   ..........              (no amulet)
HPRegen 0.08/turn               (no ring)
MPRegen 0.08/turn               (no ring)

@: no status effects
A: sickness immunity, AC +3, negative energy resistance 1, electricity
resistance, torment resistance 1, petrification resistance
a: no special abilities


You were on level 2 of the Dungeon.
You visited 1 branch of the dungeon, and saw 2 of its levels.

You collected 35 gold pieces.

Inventory:

Hand Weapons
 a - a +0 flail (weapon)
Missiles
 s - 79 stones (quivered)
Armour
 b - a +0 scale mail (worn)
 c - a +0 buckler (worn)
Wands
 d - a wand of digging (8)
Scrolls
 e - 5 scrolls of identify {unknown}
 f - a scroll of teleportation {unknown}
 g - 4 scrolls of magic mapping {unknown}
Potions
 M - a potion of might


   Skills:
 + Level 3.8 Fighting
 * Level 3.2 Maces & Flails
 - Level 3.2 Armour
 - Level 3.2 Shields


You had 2 spell levels left.
You didn't know any spells.
Your spell library contained the following spells:

 Spells                   Type           Power      Damage    Failure   Level
 Animate Skeleton         Necr           0%         N/A       83%         1
 Pain                     Necr           0%         1d4       83%         1
 Vampiric Draining        Necr           0%         2d6       99%         3


Dungeon Overview and Level Annotations

Branches:
Dungeon (2/15)

Altars:

Annotations:
D:2 Crazy Yiuf


Innate Abilities, Weirdness & Mutations

You are immune to sickness and miasma.
Your stone body is resilient. (AC +3)
You are immune to poison.
You resist negative energy. (rN+)
You are resistant to electric shocks. (rElec)
You are resistant to unholy torment.
You are immune to petrification.


Message History

s - 68 stones (gained 1)
s - 69 stones (gained 1)
s - 70 stones (gained 1)
s - 71 stones (gained 1)
You pick up a book of Necromancy and begin reading...
You add the spells Pain, Animate Skeleton and Vampiric Draining to your library.
You now have 35 gold pieces (gained 3).
d - a wand of digging (8);
g - 4 scrolls labelled UXUYDGH YRCHUAMM
s - 79 stones (gained 8)
Found a mace.
Found a runed translucent door.
No target in view!
Crazy Yiuf says, "Rifle pizzabubble tortoise!"
No reachable target in view!
You barely miss Crazy Yiuf.
Crazy Yiuf hits you with a +2 quarterstaff of chaos.
You completely miss Crazy Yiuf.
Crazy Yiuf hits you with a +2 quarterstaff of chaos.
You barely miss Crazy Yiuf.
Crazy Yiuf hits you with a +2 quarterstaff of chaos!
Ouch! That really hurt!
* * * LOW HITPOINT WARNING * * *
You hit Crazy Yiuf.
Crazy Yiuf is lightly wounded.
Crazy Yiuf hits you with a +2 quarterstaff of chaos.
* * * LOW HITPOINT WARNING * * *
Crazy Yiuf burns you.
* * * LOW HITPOINT WARNING * * *
You closely miss Crazy Yiuf.
Crazy Yiuf is lightly wounded.
Space warps around you.
* * * LOW HITPOINT WARNING * * *
You hit Crazy Yiuf but do no damage.
Crazy Yiuf is lightly wounded.
Crazy Yiuf hits you with a +2 quarterstaff of chaos.
* * * LOW HITPOINT WARNING * * *
You feel your power leaking away.
You barely miss Crazy Yiuf.
Crazy Yiuf is lightly wounded.
Crazy Yiuf hits you with a +2 quarterstaff of chaos!
You die...

...############......#
#..# ...# ######## #.#
#### #.. ##### #..
#..)# #.. #...# #.)
... #.# #g# #.# ##@#
#.# #.## #.# ##.# #.#
#.## #.# ##.## #.#
#.PP## #.# #P...# #
#....# # #....# #


You could see Crazy Yiuf.

Vanquished Creatures
  An adder (D:2)
  A ball python (D:1)
  2 endoplasms (D:1)
  A goblin (D:2)
  7 hobgoblins
  2 jackals (D:1)
  2 quokkas
  4 bats (D:1)
  2 frilled lizards (D:1)
  A kobold (D:1)
  2 rats (D:1)
25 creatures vanquished.

Notes
Turn   | Place    | Note
-------+----------+-------------------------------------------
     0 | D:1      | Lathuz the Gargoyle Fighter began the quest for the Orb.
     0 | D:1      | Reached XP level 1. HP: 14/14 MP: 1/1
   236 | D:1      | Reached XP level 2. HP: 19/19 MP: 2/2
   826 | D:1      | Reached XP level 3. HP: 24/24 MP: 3/3
  1463 | D:2      | Found a runed translucent door.
  1464 | D:2      | Noticed Crazy Yiuf
  1473 | D:2      | HP: 1/24 [Crazy Yiuf (2)]
  1474 | D:2      | Mangled by Crazy Yiuf

Illustrated notes

Levels and vault maps discovered:
D:1:      dpeg_arrival_rooms_b, layout_loops_ring
D:2:      layout_basic, uniq_crazy_yiuf_cottage

Skill      XL: |  1  2 |
---------------+-------+-----
Maces & Flails | 3 |  3.2
Fighting       | |  3.8
Armour         | |  3.2
Shields        | |  3.2

Action                   || total
-------------------------++-------
Melee: Flail             ||    76
Throw: Stone             ||    51
Armor: Scale mail        ||    51
Dodge: Dodged            ||    35
Block: Buckler           ||    11
